 Dungeon Crawl Stone Soup version 0.28.0-53-g5a82cb258f (webtiles) character file.

Game seed: 11693759169048962106

375 MisterFreud the Covert (level 6, -2/53 HPs)
             Began as a Gnoll Delver on July 27, 2022.
             Was a Believer of Dithmenos.
             Slain by a wyvern zombie (6 damage)
             ... on level 4 of the Dungeon.
             The game lasted 00:05:10 (4811 turns).

MisterFreud the Covert (Gnoll Delver)               Turns: 4811, Time: 00:05:10

Health: -2/53      AC:  3    Str: 12    XL:     6   Next: 72%
Magic:  9/9        EV: 13    Int: 11    God:    Dithmenos [**....]
Gold:   121        SH:  0    Dex: 13    Spells: 9/9 levels left

rFire   + . .      SeeInvis .   a - +0 short sword
rCold   . . .      Faith    .   (no shield)
rNeg    . . .      Spirit   .   b - +0 leather armour
rPois   .          Reflect  .   (no helmet)
rElec   .          Harm     .   (no cloak)
rCorr   +          Rampage  .   (no gloves)
Will    .....                   (no boots)
Stlth   +++++.....              (no amulet)
HPRegen 0.17/turn               t - ring of protection from fire
MPRegen 0.11/turn               w - ring of resist corrosion

@: wreathed by umbra
A: fangs 1, strong nose, distributed training
a: Renounce Religion, Shadow Step


You were on level 4 of the Dungeon.
You worshipped Dithmenos.
Dithmenos was pleased with you.
You visited 1 branch of the dungeon, and saw 6 of its levels.

You collected 121 gold pieces.

Inventory:

Hand Weapons
 a - a +0 short sword (weapon)
Missiles
 h - 30 poisoned darts (quivered)
 v - a boomerang
 y - 2 javelins
Armour
 b - a +0 leather armour (worn)
Jewellery
 t - a ring of protection from fire (left hand)
 w - a ring of resist corrosion (right hand)
Wands
 g - a wand of digging (3)
 x - a wand of flame (4)
Scrolls
 c - a scroll of fog
 d - 3 scrolls of magic mapping
 e - a scroll of fear
 k - 3 scrolls of teleportation {unknown}
 m - a scroll of summoning {unknown}
 n - a scroll of vulnerability {unknown}
 p - 3 scrolls of identify {unknown}
 q - a scroll of brand weapon {unknown}
Potions
 i - 2 potions of attraction {unknown}
 j - a potion of degeneration {unknown}
 l - a potion of invisibility {unknown}
 o - a potion of mutation {unknown}
 r - a potion of flight {unknown}
 s - 3 potions of curing {unknown}
 u - a potion of heal wounds {unknown}


   Skills:
 + Level 6.9 Fighting
 + Level 5.0 Short Blades
 + Level 2.1 Long Blades
 + Level 2.1 Axes
 + Level 2.1 Maces & Flails
 + Level 2.1 Polearms
 + Level 2.1 Staves
 + Level 2.1 Slings
 + Level 2.1 Bows
 + Level 2.1 Crossbows
 + Level 2.1 Throwing
 + Level 2.1 Armour
 + Level 5.0 Dodging
 + Level 9.8 Stealth
 + Level 2.1 Shields
 + Level 2.1 Unarmed Combat
 + Level 2.1 Spellcasting
 + Level 1.6 Conjurations
 + Level 1.6 Hexes
 + Level 1.6 Summonings
 + Level 1.6 Necromancy
 + Level 1.6 Translocations
 + Level 1.6 Transmutations
 + Level 1.6 Fire Magic
 + Level 1.6 Ice Magic
 + Level 1.6 Air Magic
 + Level 1.6 Earth Magic
 + Level 1.6 Poison Magic
 + Level 2.3 Invocations
 + Level 2.1 Evocations


You had 9 spell levels left.
You didn't know any spells.
Your spell library contained the following spells:

 Spells                   Type           Power      Damage    Failure   Level
 Foxfire                  Conj/Fire      16%        2x1d4     19%         1
 Summon Small Mammal      Summ           16%        N/A       19%         1
 Call Canine Familiar     Summ           4%         N/A       50%         3
 Conjure Flame            Conj/Fire      4%         6-21      50%         3
 Inner Flame              Hex/Fire       4%         N/A       50%         3
 Mephitic Cloud           Conj/Pois/Air  4%         N/A       50%         3
 Summon Guardian Golem    Hex/Summ       4%         N/A       50%         3
 Flame Wave               Conj/Fire      4%         2d5       88%         4
 Summon Mana Viper        Hex/Summ       4%         N/A       99%         5


Dungeon Overview and Level Annotations

Branches:
Dungeon (6/15)
 Temple: D:4-7

Altars:
Dithmenos
Okawaru

Annotations:
D:3 1 runed translucent door, Crazy Yiuf
D:6 Dowan, Duvessa


Innate Abilities, Weirdness & Mutations

You have very sharp teeth.
Your uncanny sense of smell can sniff out nearby items.
Your experience applies equally to all skills.


Message History

The gnoll misses you.
The gnoll hits you from afar with a +0 spear.
You barely miss the orc wizard.
The gnoll hits you from afar with a +0 spear.
You are too injured to fight recklessly!
You are too injured to fight recklessly!
You are too injured to fight recklessly!
You hit the orc wizard but do no damage.
The orc wizard gestures at you while chanting.
The puff of flame hits you. You resist.
You hit the orc wizard.
The orc wizard is lightly wounded.
The gnoll barely misses you.
You hit the orc wizard. Your punch misses the orc wizard.
The orc wizard is moderately wounded.
The gnoll hits you from afar with a +0 spear.
The orc barely misses you.
You hit the orc but do no damage.
The orc is heavily wounded.
The orc wizard closely misses you.
The gnoll hits you from afar with a +0 spear!
* * * LOW HITPOINT WARNING * * *
The gnoll hits you from afar with a +0 spear!
* * * LOW HITPOINT WARNING * * *
The orc barely misses you.
Unknown command.
Unknown command.
As you read the scroll of fear, it crumbles to dust.
You assume a fearsome visage.
The gnoll looks frightened! x2
The kobold looks frightened!
The orc looks frightened! x3
The orc wizard looks frightened!
The orc wizard casts a spell.
The orc wizard flickers and vanishes!
Deactivating autopickup; reactivate with Ctrl-A.
The wyvern zombie barely misses you. The wyvern zombie bites you.
* * * LOW HITPOINT WARNING * * *
Cornered, the orc turns to fight!
Cornered, the gnoll turns to fight!
The wyvern zombie bites you.
You die...

.##... #...........
....>...##.............
...o..#...............
...#.#...............
#......o.............
######.#..................
###....#....................
#......).....##......##.....
#.......##Z@.##.#...##......
##..##..........#...##...##.
#####....................#.
#o...(....##....g##..###
##g..##...#...#...#..###
######.......#.#..#..##
#.g##.).###.##..#
#...##........#..#
#....##...#......##


You could see 2 gnolls, 3 orcs and a wyvern zombie.

Vanquished Creatures
  A sky beast (D:4)
  A water moccasin skeleton (D:4)
  A centaur skeleton (D:6)
  Jessica (D:2)
  An orc wizard (D:3)
  2 gnolls
  4 adders
  An adder skeleton (D:3)
  A worm (D:3)
  2 dart slugs
  5 orcs
  6 ball pythons
  4 bats
  6 endoplasms
  2 giant cockroaches (D:1)
  12 goblins
  4 hobgoblins
  5 jackals (D:1)
  4 quokkas
  8 frilled lizards
  7 kobolds
  5 rats
83 creatures vanquished.

Notes
Turn   | Place    | Note
-------+----------+-------------------------------------------
     0 | D:5      | Reached skill level 9 in Stealth
     0 | D:5      | MisterFreud the Gnoll Delver began the quest for the Orb.
     0 | D:5      | Reached XP level 1. HP: 23/23 MP: 1/1
    19 | D:5      | Reached XP level 2. HP: 25/29 MP: 2/2
    70 | D:6      | Reached skill level 1 in Invocations
    70 | D:6      | Reached XP level 3. HP: 30/35 MP: 2/4
    70 | D:6      | Noticed Dowan
    72 | D:6      | Noticed Duvessa
   156 | D:5      | Noticed an ice beast
   372 | D:3      | Found an iron altar of Okawaru.
   484 | D:3      | Found a runed translucent door.
   485 | D:3      | Noticed Crazy Yiuf
   542 | D:3      | Reached skill level 1 in Long Blades
   542 | D:3      | Reached skill level 1 in Axes
   542 | D:3      | Reached skill level 1 in Maces & Flails
   542 | D:3      | Reached skill level 1 in Polearms
   542 | D:3      | Reached skill level 1 in Staves
   542 | D:3      | Reached skill level 1 in Slings
   542 | D:3      | Reached skill level 1 in Bows
   542 | D:3      | Reached skill level 1 in Crossbows
   542 | D:3      | Reached skill level 1 in Throwing
   542 | D:3      | Reached skill level 1 in Armour
   542 | D:3      | Reached skill level 1 in Shields
   542 | D:3      | Reached skill level 1 in Unarmed Combat
   542 | D:3      | Reached skill level 1 in Spellcasting
   542 | D:3      | Reached skill level 1 in Evocations
   760 | D:3      | Reached XP level 4. HP: 41/41 MP: 5/5
  1310 | D:1      | Found a faded altar of an unknown god.
  1409 | D:1      | Reached skill level 1 in Conjurations
  1409 | D:1      | Reached skill level 1 in Hexes
  1409 | D:1      | Reached skill level 1 in Summonings
  1409 | D:1      | Reached skill level 1 in Necromancy
  1409 | D:1      | Reached skill level 1 in Translocations
  1409 | D:1      | Reached skill level 1 in Transmutations
  1409 | D:1      | Reached skill level 1 in Fire Magic
  1409 | D:1      | Reached skill level 1 in Ice Magic
  1409 | D:1      | Reached skill level 1 in Air Magic
  1409 | D:1      | Reached skill level 1 in Earth Magic
  1409 | D:1      | Reached skill level 1 in Poison Magic
  1602 | D:1      | Noticed a naga
  1604 | D:1      | Noticed a demigod
  1606 | D:1      | Noticed a troll
  1606 | D:1      | Noticed a vine stalker
  1608 | D:1      | Noticed a vampire
  1610 | D:1      | Noticed a gargoyle
  1610 | D:1      | Noticed a ghoul
  1612 | D:1      | Noticed a draconian
  1612 | D:1      | Noticed a demonspawn
  1614 | D:1      | Noticed a dwarf
  1614 | D:1      | Noticed an ogre
  1616 | D:1      | Noticed a merfolk
  1616 | D:1      | Noticed a minotaur
  1618 | D:1      | Noticed an octopode
  1620 | D:1      | Noticed a formicid
  1622 | D:1      | Noticed a tengu
  1624 | D:1      | Noticed a spriggan
  1624 | D:1      | Noticed a felid
  1626 | D:1      | Noticed a human
  1626 | D:1      | Noticed an elf
  1797 | D:1      | Prayed at the altar of an unknown god.
  1797 | D:1      | Became a worshipper of Dithmenos the Shadowed
  1797 | D:1      | Reached * piety under Dithmenos
  1906 | D:2      | Noticed Jessica
  2126 | D:2      | Reached XP level 5. HP: 47/47 MP: 6/6
  2307 | D:2      | Killed Jessica
  2703 | D:3      | Noticed Terence
  3095 | D:3      | Reached ** piety under Dithmenos
  3667 | D:4      | Noticed a sky beast
  4014 | D:4      | Killed a sky beast
  4015 | D:4      | Reached skill level 5 in Short Blades
  4015 | D:4      | Reached skill level 5 in Dodging
  4015 | D:4      | Reached XP level 6. HP: 31/53 MP: 7/9
  4152 | D:4      | Got the Grimoire of Vitriolic Calling
  4811 | D:4      | Slain by a wyvern zombie

Illustrated notes

Levels and vault maps discovered:
D:1:      kb_arrival_jail, layout_rooms,
          dreamdust_ecumenical_altar_angels_and_demons, serial_park_tiny_2
D:2:      layout_loops_ring, minmay_quadrilaterals, uniq_jessica
D:3:      layout_loops_corners, mainiacjoe_overflow_tiny_flanked,
          minmay_liquid_box, uniq_crazy_yiuf_cottage, uniq_terence
D:4:      layout_cave_pools, grunt_decor_one_mirror
D:5:      old_forge, layout_gridville, nicolae_qazlal_scattered_showers,
          grunt_temple_overflow_open, ebering_ghost_rock_garden, kennysheep_dice
D:6:      layout_rooms, minmay_temple_entry_fiery, uniq_pikel, uniq_duvessa,
          uniq_edmund

Skill      XL: |  1  2  3  4  5 |
---------------+----------------+-----
Stealth        | |  9.8
Invocations    | 1 2 |  2.3
Long Blades    | 1 2 |  2.1
Axes           | 1 2 |  2.1
Maces & Flails | 1 2 |  2.1
Polearms       | 1 2 |  2.1
Staves         | 1 2 |  2.1
Slings         | 1 2 |  2.1
Bows           | 1 2 |  2.1
Crossbows      | 1 2 |  2.1
Throwing       | 1 2 |  2.1
Armour         | 1 2 |  2.1
Shields        | 1 2 |  2.1
Unarmed Combat | 1 2 |  2.1
Spellcasting   | 1 2 |  2.1
Evocations     | 1 2 |  2.1
Conjurations   | 1 |  1.6
Hexes          | 1 |  1.6
Summonings     | 1 |  1.6
Necromancy     | 1 |  1.6
Translocations | 1 |  1.6
Transmutations | 1 |  1.6
Fire Magic     | 1 |  1.6
Ice Magic      | 1 |  1.6
Air Magic      | 1 |  1.6
Earth Magic    | 1 |  1.6
Poison Magic   | 1 |  1.6
Short Blades   | 5 |  5.0
Dodging        | 5 |  5.0
Fighting       | |  6.9

Action                   |  1- 3 |  4- 6 || total
-------------------------+-------+-------++-------
Melee: Short sword       |    48 |   282 ||   330
       Bite              |     3 |    29 ||    32
       Punch             |     1 |     9 ||    10
  Use: Scroll            |       |     1 ||     1
       Potion            |       |     1 ||     1
 Stab: Sleeping          |     1 |    23 ||    24
       Distracted        |       |     1 ||     1
Armor: Leather armour    |    14 |    43 ||    57
Dodge: Dodged            |    45 |   186 ||   231
